 Dungeon Crawl Stone Soup version 0.17-a0-2231-gd80ca38 (webtiles) character file.

109 kae the Insei (level 4, -4/28 HPs)
             Began as an Octopode Transmuter on Oct 29, 2015.
             Slain by a crocodile (16 damage)
             ... in a sewer.
             The game lasted 00:02:55 (2367 turns).

kae the Insei (Octopode Transmuter)                 Turns: 2367, Time: 00:02:55

Health: -4/28      AC:  1    Str:  9    XL:     4   Next: 90%
Magic:  7/7        EV: 18    Int: 15    God:
Gold:   175        SH:  0    Dex: 18    Spells: 1 memorised, 6 levels left

rFire  x . .     SeeInvis .       - Unarmed
rCold  + . .     Clarity  .     (no shield)
rNeg   . . .     SustAt   .     (helmet restricted)
rPois  .         Gourm    .     d - amulet of regeneration
rElec  .         Spirit   .     k - ring of ice
rCorr  .         Warding  .     (no ring)
rMut   .         Stasis   .     (no ring)
MR     .....                    (no ring)
Stlth  ++++......               (no ring)
                                (no ring)
                                (no ring)
                                (no ring)

@: agile, appendage (expiring), not resistant to hostile enchantments, stealthy
A: almost no armour, amphibious, 8 rings, constrict 8, tentacle spike 3,
camouflage 1, gelatinous body 1
a: End Transformation


You were in a sewer.
You were not hungry.
One of your tentacles had a temporary spike.
You visited 1 branch of the dungeon, and saw 3 of its levels.
You also visited: Sewer.

You collected 175 gold pieces.

Inventory:

Missiles
 a - 12 arrows
Jewellery
 d - an amulet of regeneration (around mantle)
 k - a ring of ice (left tentacle)
Scrolls
 i - 2 scrolls of identify
 o - a scroll of noise {unknown}
 q - a scroll of random uselessness {unknown}
Potions
 e - a potion of flight
 g - 3 potions of curing
 h - a potion of degeneration {unknown}
 m - a potion of might {unknown}
Books
 b - a book of Changes

   Spells                             Type                      Level
   a - Beastly Appendage              Transmutation                1
   b - Sticks to Snakes               Transmutation                2
   c - Spider Form                    Transmutation/Poison         3
   d - Ice Form                       Ice/Transmutation            4
   e - Blade Hands                    Transmutation                5
 p - a book of Clouds

   Spells                             Type                      Level
   a - Mephitic Cloud                 Conjuration/Poison/Air       3
   b - Conjure Flame                  Conjuration/Fire             3
   c - Poisonous Cloud                Conjuration/Poison/Air       6
   d - Freezing Cloud                 Conjuration/Ice/Air          6
   e - Ring of Flames                 Charms/Fire                  7
Comestibles
 c - 4 bread rations
 f - 2 fruits
 j - a beef jerky
 l - a royal jelly
 n - 2 chunks of flesh


   Skills:
 - Level 1.0 Fighting
 - Level 2.0 Dodging
 + Level 5.4 Unarmed Combat
 - Level 2.0 Spellcasting
 - Level 2.0 Transmutations


You had 6 spell levels left.
You knew the following spells:

 Your Spells              Type           Power        Failure   Level  Hunger
a - Beastly Appendage     Trmt           #.....       12%         1    #......


Dungeon Overview and Level Annotations

Branches:
Dungeon (3/15)

Altars:
The Shining One

Annotations:
D:2 1 exclusion
D:3 Sigmund


Innate Abilities, Weirdness & Mutations

You cannot wear most types of armour.
You are amphibious.
You can wear up to eight rings at the same time.
You can use your tentacles to constrict eight enemies at once.
Your skin changes colour to match your surroundings (Stealth).
Your rubbery body absorbs attacks (AC +1).
One of your tentacles bears a large vicious spike.


Message History

The crocodile is lightly wounded.
The crocodile closely misses you.
You tentacle-slap the crocodile but do no damage.
Your tentacle-slap misses the crocodile.
The crocodile is lightly wounded.
You tentacle-slap the crocodile.
Your tentacle spike misses the crocodile.
The crocodile is moderately wounded.
Your transformation is almost over.
The crocodile bites you!
Ouch! That really hurt!
You closely miss the crocodile.
You pierce the crocodile, but do no damage.
The crocodile is moderately wounded.
The crocodile misses you.
You tentacle-slap the crocodile.
The crocodile is moderately wounded.
The crocodile bites you!
Ouch! That really hurt!
You die...

($#. ≈#.#
#.≈≈
##≈..##
#≈≈...#
.≈...##
#≈t.#
#≈@##
#...#
##..# #..#
#.≈ #≈.#
#..# ##≈.#
#.≈≈ #≈..#
#≈≈###≈.##
#...#.≈.#


You could see a crocodile.

Vanquished Creatures
  A gnoll (D:1)
  2 adders
  A river rat (D:3)
  A worm (D:2)
  An orc (D:3)
  6 ball pythons
  6 bats
  10 hobgoblins
  2 jackals (Sewer)
  4 giant cockroaches
  A giant newt (D:2)
  11 goblins
  9 kobolds
  A quokka (D:2)
  9 rats
65 creatures vanquished.

Notes
Turn   | Place    | Note
--------------------------------------------------------------
     0 | D:1      | kae the Octopode Transmuter began the quest for the Orb.
     0 | D:1      | Reached XP level 1. HP: 13/13 MP: 3/3
   262 | D:1      | Reached XP level 2. HP: 18/18 MP: 5/5
   594 | D:1      | Reached skill level 4 in Unarmed Combat
   649 | D:1      | Reached XP level 3. HP: 17/23 MP: 6/6
  1224 | D:2      | Reached XP level 4. HP: 26/28 MP: 7/7
  1598 | D:2      | Found a glowing golden altar of the Shining One.
  1959 | D:3      | Reached skill level 5 in Unarmed Combat
  1989 | D:3      | Noticed Sigmund
  2238 | D:3      | Found a glowing drain.
  2284 | Sewer    | Entered a sewer
  2354 | Sewer    | Noticed a crocodile
  2367 | Sewer    | Slain by a crocodile

Vault maps used:
D:1:      lemuel_arrival_river_ford, dk_noncrumbling_3
D:2:      tso_oasis_becter, uniq_crazy_yiuf_cottage
D:3:      portal_sewer_entry_b, uniq_sigmund
Sewer:    sewer_the_crocodile

Action                   |  1- 3 |  4- 6 || total
-------------------------+-------+-------++-------
Melee: Unarmed           |    72 |    71 ||   143
 Cast: Beastly Appendage |     2 |     4 ||     6
  Use: Scroll            |     2 |     3 ||     5
       Potion            |       |     1 ||     1
 Stab: Sleeping          |     6 |     4 ||    10
  Eat: Chunk             |       |     5 ||     5
